Map: Abyssal Reef LE

Players

TiesMyShoes - Winner!

  • Race: Zerg Zerg
  • League: Silver
  • Spawn Location: 11:00

Yata

  • Race: Zerg Zerg
  • League: Silver
  • Spawn Location: 5:00

VOD

Have the link to the VOD?

Description

Time

  • Played on: July 10, 2017, 5:38 p.m.
  • Length: 3:13
Show
View Real Time Build Order
Export as new Build Order

TiesMyShoes Zerg - Winner!

Build Orders: Pool Only 

Get SALT Encoding   

  12  0:06  Drone  
  13  0:09  Drone  
  14  0:19  Extractor, Drone  
  14  0:22  Extractor, Drone  
  15  0:40  Spawning Pool  
  14  0:46  Overlord  
  14  0:53  Extractor  
  14  0:54  Drone  
  15  1:07  Drone x2  
  17  1:30  Zergling x4, Metabolic Boost  
  17  1:32  Zergling x2, Queen  
  22  1:41  Extractor  
  22  1:42  Zergling x2  
  22  1:53  Baneling Nest  
  22  1:54  Zergling x2  
  23  2:04  Overlord  
  23  2:22  Queen  
  23  2:28  Zergling x4  
  27  2:36  Zergling x2  
  28  2:43  Zergling x4  
  30  2:47  Baneling x2  
  30  2:52  Overlord  
Show
View Real Time Build Order
Export as new Build Order

Yata Zerg 

Build Orders: Hatch First 

Get SALT Encoding   

  12  0:04  Drone  
  13  0:13  Overlord  
  13  0:22  Drone  
  14  0:33  Drone x2  
  16  0:37  Drone  
  17  0:55  Hatchery  
  16  0:58  Drone  
  16  1:01  Drone  
  18  1:05  Extractor  
  17  1:12  Drone  
  18  1:22  Spawning Pool  
  17  1:30  Drone  
  17  1:32  Drone  
  19  1:41  Overlord  
  19  1:55  Drone  
  20  2:02  Drone  
  21  2:09  Queen  
  21  2:10  Queen  
  21  2:15  Zergling x4  
  27  2:22  Baneling Nest  
  27  2:28  Zergling x4  
Tags
 
Matchup
ZvZ
Race
Zerg
Replay Pack
Pack 1
Spawn Locations
Cross Positions
Add a new tag
Caveats
  • Supply blocks, unpowered buildings, or Contaminate may cause inaccurate times.
  • Supply counts are checked every 10 seconds.